Map: Forteresse de fer EC

Players

Engineer - Winner!

  • Race: Zerg Zerg

AgCl

  • Race: Protoss Protoss

VOD

Have the link to the VOD?

Description

Time

  • Played on: May 5, 2015, 6:08 a.m.
  • Length: 8:16
Show
View Real Time Build Order
Export as new Build Order

Engineer Zerg - Winner!

Build Orders: Hatch First 

Get SALT Encoding   

  12  0:01  Drone  
  13  0:09  Drone  
  14  0:17  Extractor  
  14  0:18  Drone  
  15  0:22  Overlord  
  15  0:42  Drone x2  
  17  0:55  Hatchery  
  16  1:01  Drone  
  17  1:11  Spawning Pool  
  16  1:29  Drone x2  
  16  1:30  Extractor  
  17  1:43  Drone  
  17  1:44  Drone  
  20  2:03  Queen  
  20  2:07  Queen  
  24  2:09  Overlord  
  24  2:10  Zergling x4  
  26  2:33  Hatchery  
  26  2:37  Drone x5  
  30  2:46  Queen  
  30  2:49  Queen  
  34  3:02  Overlord x2  
  34  3:07  Drone x2  
  36  3:22  Drone x7  
  36  3:23  Drone  
  44  3:31  Extractor  
  44  3:32  Extractor  
  44  3:34  Drone x4  
  46  3:54  Drone x6  
  46  3:55  Drone x5  
  56  4:16  Queen  
  58  4:25  Roach Warren  
  58  4:28  Zergling x2  
  58  4:32  Metabolic Boost  
  57  4:42  Overlord x2  
  57  4:47  Lair  
  57  5:03  Zergling x2  
  57  5:04  Zergling x42  
  43  5:38  Drone  
  43  5:39  Drone x10  
  43  5:42  Spore Crawler  
  53  5:49  Drone  
  54  6:04  Drone x6  
  56  6:07  Queen  
  46  6:58  Drone x3  
  46  6:59  Drone x7  
  46  7:00  Drone x2  
  55  7:03  Extractor  
  55  7:04  Extractor  
  53  7:08  Queen x2  
  53  7:09  Queen  
  59  7:29  Roach x2  
  67  7:30  Roach x5  
  67  7:33  Spore Crawler  
  67  7:35  Overlord x3  
  71  7:44  Overlord x3  
  71  7:45  Overlord x2  
Show
View Real Time Build Order
Export as new Build Order

AgCl Protoss 

Build Orders: Oracle Opening 

Get SALT Encoding   

  12  0:15  Probe  
  12  0:19  Pylon  
  13  0:27  Probe  
  14  0:39  Probe  
  14  0:41  Gateway  
  15  0:51  Probe  
  16  1:04  Probe  
  17  1:13  Assimilator  
  17  1:16  Probe  
  18  1:28  Cybernetics Core, Probe  
  19  1:34  Assimilator  
  19  1:36  Pylon  
  19  1:40  Probe (Chrono Boost)  
  20  1:52  Probe (Chrono Boost)  
  21  1:58  Probe (Chrono Boost)  
  23  2:08  Warp Gate (Chrono Boost)  
  23  2:09  Probe (Chrono Boost)  
  23  2:17  Probe (Chrono Boost)  
  24  2:24  Nexus  
  24  2:29  Mothership Core (Chrono Boost)  
  26  2:43  Probe  
  27  2:56  Probe (Chrono Boost), Stargate  
  28  2:59  Pylon  
  29  3:05  Pylon  
  29  3:06  Probe (Chrono Boost)  
  29  3:13  Probe  
  29  3:15  Pylon  
  29  3:17  Zealot  
  32  3:25  Probe  
  33  3:28  Gateway  
  33  3:37  Gateway  
  33  3:42  Probe  
  34  3:50  Probe  
  34  3:54  Gateway  
  36  3:56  Gateway  
  36  3:58  Oracle (Chrono Boost)  
  38  4:02  Probe (Chrono Boost)  
  38  4:04  Probe (Chrono Boost)  
  39  4:13  Probe (Chrono Boost)  
  39  4:15  Probe (Chrono Boost)  
  41  4:21  Zealot  
  43  4:24  Probe  
  43  4:26  Probe  
  43  4:28  Stalker  
  47  4:32  Assimilator  
  47  4:36  Probe  
  48  4:42  Probe (Chrono Boost)  
  48  4:43  Assimilator  
  49  4:48  Twilight Council, Probe (Chrono Boost)  
  49  4:49  Pylon  
  49  4:50  Forge  
  50  4:58  Probe x2 (Chrono Boost)  
  52  5:05  Stalker, Probe, Zealot  
  57  5:07  Probe  
  58  5:17  Probe  
  58  5:18  Void Ray (Chrono Boost)  
  61  5:22  Probe  
  53  5:50  Probe (Chrono Boost), Pylon  
  53  5:52  Probe (Chrono Boost)  
  53  5:56  Photon Cannon  
  54  6:06  Pylon  
  54  6:07  Probe (Chrono Boost), Zealot x2  
  59  6:14  Probe (Chrono Boost)  
  59  6:17  Pylon  
  60  6:18  Void Ray (Chrono Boost)  
  60  6:19  Protoss Ground Weapons Level 1 (Chrono Boost)  
  60  6:24  Fleet Beacon  
  45  6:38  Zealot x2  
  45  6:39  Zealot x2  
  23  6:59  Probe (Chrono Boost)  
  25  7:02  Probe (Chrono Boost)  
  26  7:11  Probe (Chrono Boost)  
  28  7:19  Mothership Core (Chrono Boost)  
  28  7:22  Gateway, Probe (Chrono Boost)  
  30  7:31  Probe (Chrono Boost)  
  30  7:35  Probe (Chrono Boost)  
Tags
 
Add a new tag
Caveats
  • Supply blocks, unpowered buildings, or Contaminate may cause inaccurate times.
  • Supply counts are checked every 10 seconds.